 Dungeon Crawl Stone Soup version 0.31-a0-818-ge7c7cf74f0 (webtiles) character file.

Game seed: 8081875107135074675

28 Essalna the Digger (level 3, 24/24 HPs)
             Began as a Demonspawn Earth Elementalist on Sept 23, 2023.
             Got out of the dungeon alive.
             The game lasted 00:01:54 (799 turns).

Essalna the Digger (Demonspawn Earth Elementalist)   Turns: 799, Time: 00:01:55

Health: 24/24      AC:  2    Str:  8    XL:     3   Next: 0%
Magic:  7/7        EV: 12    Int: 18    God:
Gold:   53         SH:  4    Dex: 13    Spells: 6/7 levels left

rFire   . . .        e - +0 dagger
rCold   . . .        (no shield)
rNeg    . . .        a - +0 robe
rPois   .            (no helmet)
rElec   .            (no cloak)
rCorr   .            (no gloves)
SInv    .            (no boots)
Will    .....        (no amulet)
Stlth   ++           (no ring)
HPRegen 0.24/turn    (no ring)
MPRegen 0.10/turn

%: no passive effects
@: no status effects
A: spiny 1, condensation shield
a: no special abilities


You escaped.
You visited 1 branch of the dungeon, and saw 2 of its levels.

You collected 53 gold pieces.

Inventory:

Hand Weapons
 e - a +0 dagger (weapon)
Armour
 a - a +0 robe (worn)
Scrolls
 b - a scroll of revelation {unknown}
 d - a scroll of vulnerability


   Skills:
 - Level 1.7 Dodging
 - Level 1.7 Stealth
 + Level 2.7 Spellcasting
 - Level 0.8 Transmutations
 + Level 3.3 Earth Magic


You had 6 spell levels left.
You knew the following spells:

 Your Spells              Type           Power      Damage    Failure   Level
a - Sandblast             Erth           28%        2d8       4%          1

Your spell library contained the following spells:

 Spells                   Type           Power      Damage    Failure   Level
 Passwall                 Tmut/Erth      7%         N/A       11%         2
 Stone Arrow              Conj/Erth      16%        3d8       26%         3
 Petrify                  Tmut/Erth      9%         N/A       56%         4
 Brom's Barrelling Bould  Conj/Erth      8%         2d3       63%         4


Dungeon Overview and Level Annotations

Branches:
Dungeon (2/15)

Altars:


Innate Abilities, Weirdness & Mutations

You are partially covered in sharp spines.
A meltable shield of frost defends you. (SH +4)


Message History

You kill the goblin!
The hobgoblin shouts!
There are monsters nearby!
The blast of sand hits the rat.
You kill the rat!
The blast of sand hits the hobgoblin.
You kill the hobgoblin!
You can't see any susceptible monsters within range! (Use Z to cast anyway.)
You can't see any susceptible monsters within range! (Use Z to cast anyway.)
You can't see any susceptible monsters within range! (Use Z to cast anyway.)
There is a stone staircase leading down here.
You climb downwards.
There is a stone staircase leading up here.
Magic restored.
There is a stone staircase leading up here.
You open the door.
Key pressed, stopping explore.
There is an open door here.
Key pressed, stopping explore.
A frilled lizard comes into view.
A frilled lizard is nearby!
A frilled lizard is nearby!
The blast of sand hits the frilled lizard.
You kill the frilled lizard!
You have reached level 3!
Your experience leads to an increase in your attributes!
Increase (S)trength, (I)ntelligence, or (D)exterity?
You feel clever. x2; Your demonic ancestry asserts itself...
Sharp spines emerge from parts of your body.
You see here a frilled lizard corpse.
As you open the door, it creaks loudly!
A ball python comes into view.
The ball python moves out of view.
There is an open door here.
There is a stone staircase leading up here.
You climb upwards.
There is a stone staircase leading down here.
There is an open door here.
There is a staircase leading out of the dungeon here.
You have escaped!

.............###+###..........#
.........##..#8...8#..##......#
........####.##.#.##.####...###
......(..##..#8.#.8#..##....#
.............##.#.##...)....####
......########8...8########....##
......#8#8#8#8#...#8#8#8#8#.....#
.†....#...................#......
...>..'.#####...@...#####.'......
......#...................#....._
......#8#8#8#8#...#8#8#8#8#......
......########8...8########..##..
...†.........##.#.##........##8..
#........##..#8.#.8#..##....###..
#.......####.##.#.##.####...# #..
#........##..#8...8#..##....###..
#......[.....###'###........##8..


There were no monsters in sight!

Vanquished Creatures
  3 endoplasms (D:1)
  A giant cockroach (D:1)
  3 goblins (D:1)
  4 hobgoblins (D:1)
  2 jackals (D:1)
  4 ball pythons (D:1)
  2 bats (D:1)
  A frilled lizard (D:2)
  2 kobolds (D:1)
  5 rats (D:1)
27 creatures vanquished.

Notes
Turn   | Place    | Note
-------+----------+-------------------------------------------
     0 | D:1      | Essalna the Demonspawn Earth Elementalist began the quest
                  | for the Orb.
     0 | D:1      | Reached XP level 1. HP: 13/13 MP: 3/3
    24 | D:1      | Found a faded altar of an unknown god.
   146 | D:1      | Reached skill level 3 in Earth Magic
   155 | D:1      | Gained mutation: A meltable shield of frost defends you.
                  | (SH +4) [demonic ancestry]
   155 | D:1      | Reached XP level 2. HP: 8/19 MP: 5/5
   699 | D:2      | Gained mutation: You are partially covered in sharp spines.
                  | [demonic ancestry]
   699 | D:2      | Reached XP level 3. HP: 24/24 MP: 5/7
   799 | D:$      | Got out of the dungeon alive.

Illustrated notes

Levels and vault maps discovered:
D:1:      heliophobic_arrival_ceremonial_halls, layout_rooms,
          basic_ecumenical_altar, serial_glass, glass_columns_b,
          glass_columns_b, glass_columns_a, glass_columns_c, glass_columns_c,
          glass_columns_a, corexii_hall_statues_l
D:2:      layout_basic, uniq_sigmund, uniq_crazy_yiuf_cottage

Skill      XL: |  1 |
---------------+----+-----
Earth Magic    | 3 |  3.3
Dodging        | |  1.7
Stealth        | |  1.7
Spellcasting   | |  2.7
Transmutations | |  0.8

Action                     || total
---------------------------++-------
  Melee: Dagger            ||    22
   Cast: Sandblast         ||    32
    Use: Scroll            ||     1
         Potion            ||     1
 Armour: Robe              ||    18
  Dodge: Dodged            ||    21
  Block: Other             ||     3

Table legend: (Time is in decaauts)
 A = Elapsed time spent in this place.
 B = Non-inter-level travel time spent in this place.
 C = Inter-level travel time spent in this place.
 D = Time resting spent in this place.
 E = Time spent auto-exploring this place.
 F = Levels seen in this place.
 G = Mean time per level.
                   A        B        C        D        E       F      G
               +--------+--------+--------+--------+--------+-----+--------+
         Total |    814 |    756 |     58 |      0 |    613 |   2 |  407.0 |
       Dungeon |    814 |    756 |     58 |      0 |    613 |   2 |  407.0 |
               +--------+--------+--------+--------+--------+-----+--------+

Top non-repeatable levels by time:
     D:1: 701 daAuts
     D:2: 113 daAuts
